AoeStats
← ZZZ1

Arena

510398935Analyzed
4v4 RM · 2d ago on Sep 30, 2026· 44m 4s· 8 players
Game mode
Random Map
Map size
Large (8 player)
Population
200
Speed
Normal
Resources
Standard
Victory
Conquest
Starting age
Dark Age
Ending age
Imperial Age
RankedLock teamsTeams togetherTeam positionsShared explorationLock speedFull tech treeHidden civsTurbo modeCheats
Victory
Defeat
🇬🇧 Bengalis · United Kingdom
1157
+11
🇹🇼 Franks · Taiwan
1094
+14
🇬🇧 Celts · United Kingdom
1079
+15
🇮🇪 Persians · Ireland
1068
+15
🇧🇷 Gurjaras · Brazil
1075
-15
🇧🇷 Spanish · Brazil
1068
-14
🇧🇷 Romans · Brazil
1045
-14
🇧🇷 Saracens · Brazil
1015
-12
ZZZ1
10:13 Feudal Age
14:04 Castle Age
12:14 Double-Bit Axe
23:49 Wheelbarrow
23:35 Bow Saw
23:29 Loom
25:53 Hand Cart
29:03 Imperial Age
26:53 Hand Cart
27:09 Scale Barding Armor
27:15 Forging
27:40 Husbandry
28:10 Chain Barding Armor
27:50 Gold Mining
29:20 Iron Casting
29:08 Cavalier
30:24 Plate Barding Armor
30:25 Iron Casting
31:11 Gold Shaft Mining
30:28 Stone Mining
31:17 Chivalry
31:00 Paladin
33:12 Chemistry
33:28 Conscription
33:32 Ballistics
34:19 Siege Engineers
35:43 Herbal Medicine
38:02 Pikeman
38:43 Squires
39:20 Halberdier
42:38 Blast Furnace
41:29 Fletching
41:39 Scale Mail Armor
TheIrishMan
13:52 Feudal Age
14:46 Horse Collar
14:53 Double-Bit Axe
17:54 Castle Age
19:26 Heavy Plow
19:47 Bow Saw
22:17 Wheelbarrow
23:02 Loom
23:33 Hand Cart
24:29 Town Watch
26:26 Devotion
29:26 Imperial Age
29:19 Scale Barding Armor
29:25 Forging
29:36 Cavalier
30:28 Bloodlines
30:31 Husbandry
30:38 Elite War Elephant
33:12 Caravan
33:19 Savar
38:04 Chain Barding Armor
38:19 Iron Casting
37:39 Gold Mining
38:25 Conscription
45:17 Plate Barding Armor
45:42 Blast Furnace
DorsalBranches
10:42 Feudal Age
14:54 Castle Age
13:09 Double-Bit Axe
14:17 Horse Collar
15:38 Heavy Plow
16:41 Loom
26:49 Fletching
31:59 Bodkin Arrow
35:29 Wheelbarrow
36:43 Ballistics
36:39 Bow Saw
37:37 Scale Mail Armor
38:06 Forging
39:16 Chain Mail Armor
38:49 Arson
39:36 Hand Cart
39:12 Gold Mining
39:12 Stone Mining
40:57 Iron Casting
41:14 Gold Shaft Mining
41:15 Stone Shaft Mining
40:54 Masonry
40:57 Pikeman
42:42 Town Watch
43:53 Ballistics
46:35 Imperial Age
44:07 Stronghold
Chai Walla
3:05 Loom
11:11 Feudal Age
14:57 Castle Age
14:09 Double-Bit Axe
14:06 Horse Collar
16:51 Bow Saw
21:15 Fletching
23:40 Padded Archer Armor
23:53 Gold Mining
24:48 Bodkin Arrow
28:32 Leather Archer Armor
29:00 Stone Mining
30:22 Wheelbarrow
32:40 Imperial Age
32:58 Imperial Age
32:41 Heavy Plow
33:47 Hand Cart
34:25 Ballistics
34:43 Elite Elephant Archer
36:31 Bracer
37:02 Ring Archer Armor
40:26 Husbandry
40:36 Bloodlines
41:06 Conscription
41:28 Paiks
Leon Lima
9:39 Loom
10:10 Loom
12:28 Feudal Age
16:38 Castle Age
14:42 Double-Bit Axe
15:23 Gold Mining
20:04 Stone Mining
20:24 Horse Collar
35:55 Scale Mail Armor
36:59 Chain Mail Armor
36:18 Pikeman
36:59 Squires
39:12 Bow Saw
e_noque
2:01 Loom
10:53 Feudal Age
12:31 Double-Bit Axe
16:15 Fletching
19:09 Padded Archer Armor
21:41 Castle Age
20:39 Gold Mining
21:13 Scale Mail Armor
21:27 Forging
22:05 Crossbowman
23:14 Thumb Ring
24:52 Pikeman
25:41 Squires
29:56 Ballistics
29:57 Bodkin Arrow
30:18 Leather Archer Armor
36:38 Elite Skirmisher
guilhermevw.eng
11:15 Feudal Age
12:51 Double-Bit Axe
15:12 Castle Age
13:33 Gold Mining
16:36 Bow Saw
17:30 Wheelbarrow
16:29 Man-at-Arms
20:18 Stone Mining
22:15 Gold Shaft Mining
26:17 Scale Mail Armor
26:48 Caravan
31:40 Imperial Age
29:06 Long Swordsman
30:19 Squires
30:37 Chain Mail Armor
31:16 Forging
32:02 Legionary
34:11 Iron Casting
33:35 Onager
35:27 Ballistas
35:02 Pikeman
39:07 Halberdier
mbchaves
7:11 Loom
9:51 Feudal Age
14:57 Castle Age
14:02 Double-Bit Axe
20:24 Scale Barding Armor
24:52 Bloodlines
25:39 Wheelbarrow
29:26 Redemption
33:35 Imperial Age
32:38 Husbandry
33:51 Chain Barding Armor
33:42 Forging
36:48 Bow Saw
37:18 Heavy Camel Rider
37:48 Horse Collar
43:17 Iron Casting
43:17 Plate Barding Armor
43:09 Heavy Plow
Connection lost

Rejoining the realm…

Still unreachable

The connection could not be restored.

Session expired

The server has moved on; the page needs a fresh start.